 Dungeon Crawl Stone Soup version 0.29-a0-598-gd8304a5bf4 (webtiles) character file.

Game seed: 8119162710253074840

238 pokeman the Magician (level 5, -9/29 HPs)
             Began as a Deep Elf Hedge Wizard on June 15, 2022.
             Killed by miscasting Mephitic Cloud (10 damage)
             ... on level 4 of the Dungeon.
             The game lasted 00:05:56 (4408 turns).

pokeman the Magician (Deep Elf Hedge Wizard)        Turns: 4408, Time: 00:05:57

Health: -9/29      AC:  5    Str:  7    XL:     5   Next: 78%
Magic:  0/16       EV: 16    Int: 21    God:
Gold:   176        SH:  0    Dex: 14    Spells: 6/17 levels left

rFire   . . .      SeeInvis +   l - +2 dagger (venom)
rCold   . . .      Faith    .   (no shield)
rNeg    . . .      Spirit   .   t - +0 leather armour
rPois   .          Reflect  .   c - +0 hat
rElec   .          Harm     .   q - +0 cloak
rCorr   .          Rampage  .   b - +0 pair of gloves
Will    .....                   (no boots)
Stlth   ++........              (no amulet)
HPRegen 0.09/turn               a - ring of see invisible
MPRegen 0.15/turn               r - +4 ring of evasion

@: on blink cooldown, very slightly contaminated
A: no striking features
a: no special abilities


You were on level 4 of the Dungeon.
You visited 1 branch of the dungeon, and saw 4 of its levels.

You collected 176 gold pieces.

Inventory:

Hand Weapons
 l - a +2 dagger of venom (weapon)
 p - a +4 quarterstaff of chaos
Armour
 b - a +0 pair of gloves (worn)
 c - a +0 hat (worn)
 q - a +0 cloak (worn)
 t - a +0 leather armour (worn)
Magical Staves
 e - a staff of poison
Jewellery
 a - a ring of see invisible (left hand)
 r - a +4 ring of evasion (right hand)
Scrolls
 h - a scroll of identify {unknown}
 k - a scroll of magic mapping {unknown}
 m - 2 scrolls of teleportation {unknown}
 n - a scroll of fear {unknown}
 o - 2 scrolls of vulnerability {unknown}
 s - 2 scrolls of amnesia {unknown}
 u - a scroll of immolation {unknown}
Potions
 d - a potion of magic
 f - a potion of haste {unknown}
 g - a potion of degeneration {unknown}
 i - a potion of might {unknown}
 j - 3 potions of curing {unknown}


   Skills:
 - Level 1.0 Fighting
 - Level 1.0 Armour
 - Level 3.1 Dodging
 + Level 2.7 Stealth
 * Level 6.6 Spellcasting
 + Level 2.8 Conjurations
 - Level 1.1 Summonings
 - Level 1.1 Translocations
 - Level 1.0 Fire Magic
 - Level 1.1 Air Magic
 + Level 0.4 Poison Magic


You had 6 spell levels left.
You knew the following spells:

 Your Spells              Type           Power      Damage    Failure   Level
a - Magic Dart            Conj           72%        1d6       4%          1
b - Mephitic Cloud        Conj/Pois/Air  13%        N/A       22%         3
c - Call Imp              Summ           11%        N/A       13%         2
d - Blink                 Tloc           22%        N/A       13%         2
e - Conjure Flame         Conj/Fire      15%        6-21      19%         3

Your spell library contained the following spells:

 Spells                   Type           Power      Damage    Failure   Level
 Slow                     Hex            24%        N/A       14%         1
 Iskenderun's Mystic Bla  Conj/Tloc      15%        2d5       52%         4
 Fulminant Prism          Conj/Hex       6%         3d7       58%         4
 Lee's Rapid Deconstruct  Erth           3%         3d6*      98%         5


Dungeon Overview and Level Annotations

Branches:
Dungeon (4/15)
 Temple: D:4-7

Altars:


Message History

You blink.
The gnoll hits you but does no damage.
Unknown command.
The gnoll attacks as you move away! The gnoll barely misses you.
The gnoll attacks as you move away! The gnoll barely misses you.
The gnoll attacks as you move away! The gnoll misses you.
You feel stable enough to blink again. The gnoll attacks as you move away!
The gnoll hits you with a +0 quarterstaff.
* * * LOW HITPOINT WARNING * * *
Casting: Blink (safe; 13% risk of failure)
Confirm with . or Enter, or press ? or * to list all spells.
You blink.
Casting: Blink (safe; 13% risk of failure)
Confirm with . or Enter, or press ? or * to list all spells.
The spell is quite dangerous to miscast (22% risk of failure)!
Continue anyway?
Aiming: Mephitic Cloud (quite dangerous; 22% risk of failure)
Press: ? - help, Shift-Dir - straight line, p - gnoll You miscast Mephitic Cloud.
You are very lightly contaminated with residual magic.
Nothing appears to happen.
Casting: Mephitic Cloud (quite dangerous; 22% risk of failure)
Confirm with . or Enter, or press ? or * to list all spells.
The spell is quite dangerous to miscast (22% risk of failure)!
Continue anyway?
Aiming: Mephitic Cloud (quite dangerous; 22% risk of failure)
Press: ? - help, Shift-Dir - straight line, f - gnoll
Aim: a gnoll, wielding a +0 spear (chance to affect: 91%)
The ball explodes into a vile cloud!
The stinking cloud engulfs the gnoll but does no damage. x2
You hear a bark!
The gnoll is engulfed in noxious fumes.
The gnoll appears confused.
Unknown command.
Casting: Mephitic Cloud (quite dangerous; 22% risk of failure)
Confirm with . or Enter, or press ? or * to list all spells.
The spell is quite dangerous to miscast (22% risk of failure)!
Continue anyway?
Aiming: Mephitic Cloud (quite dangerous; 22% risk of failure)
Press: ? - help, Shift-Dir - straight line, f - gnoll, p - gnoll
Aim: a gnoll, wielding a +0 quarterstaff (chance to affect: 91%)
You miscast Mephitic Cloud.
A wave of violent energy washes through your body!
You die...

..........#.#
.. #.#
..........#.#
#.###.#
.########.#.#
..##.#
.#........#.#
#.##.#
.#........#.#
#.##.#
.#.....<..#.#
#..#.#
.#........#.#
##.#.#
.#........#.#
######...#
.##########.#
#@.g.....#
............#
#g..g....#
#############
#.g☼☼....#
#g.☼☼....##
###
#.........#
..#
#.........#
#.#
#.......#....
#.#
#########..##
..# #.#


You could see 4 gnolls and a goblin.

Vanquished Creatures
  A scorpion (D:3)
  Crazy Yiuf (D:3)
  Terence (D:2)
  2 gnolls (D:2)
  2 adders (D:2)
  3 worms
  6 dart slugs
  An orc (D:4)
  8 bats
  6 endoplasms
  2 giant cockroaches
  4 goblins
  3 hobgoblins (D:1)
  6 kobolds
  5 quokkas
  8 ball pythons
  2 frilled lizards (D:3)
  6 rats
67 creatures vanquished.

Vanquished Creatures (collateral kills)
  A gnoll (D:2)
1 creature vanquished.

Grand Total: 68 creatures vanquished

Notes
Turn   | Place    | Note
-------+----------+-------------------------------------------
     0 | D:1      | pokeman the Deep Elf Hedge Wizard began the quest for the
                  | Orb.
     0 | D:1      | Reached XP level 1. HP: 10/10 MP: 7/7
   272 | D:1      | Reached XP level 2. HP: 10/16 MP: 0/9
  1264 | D:2      | Reached skill level 5 in Spellcasting
  1430 | D:2      | Reached XP level 3. HP: 20/20 MP: 9/11
  1434 | D:2      | Learned a level 3 spell: Mephitic Cloud
  1437 | D:2      | Learned a level 2 spell: Call Imp
  1440 | D:2      | Learned a level 2 spell: Blink
  1444 | D:2      | Learned a level 3 spell: Conjure Flame
  1704 | D:2      | Reached skill level 1 in Fighting
  1704 | D:2      | Reached skill level 1 in Armour
  1721 | D:2      | Reached XP level 4. HP: 12/25 MP: 0/13
  2099 | D:2      | Noticed Terence
  2111 | D:2      | Killed Terence
  2321 | D:2      | Reached skill level 1 in Fire Magic
  3105 | D:3      | Found a runed translucent door.
  3106 | D:3      | Noticed Crazy Yiuf
  3123 | D:3      | Noticed a scorpion
  3161 | D:3      | Killed a scorpion
  3162 | D:3      | Reached skill level 6 in Spellcasting
  3162 | D:3      | Reached XP level 5. HP: 29/29 MP: 3/15
  3513 | D:3      | Killed Crazy Yiuf
  3514 | D:3      | Reached skill level 1 in Air Magic
  4404 | D:4      | HP: 1/29 [gnoll/+0 quarterstaff (2)]
  4408 | D:4      | Killed by miscasting Mephitic Cloud

Illustrated notes

Levels and vault maps discovered:
D:1:      giann_horns, layout_loops_ring, serial_bayou, serial_bayou_pond_a,
          serial_bayou_lagoon_a, serial_bayou_crossing,
          chequers_serial_rivers_small_b
D:2:      layout_loops_ring, uniq_terence
D:3:      layout_loops_ring, uniq_crazy_yiuf_cottage
D:4:      layout_basic, minmay_misc_feat_nine_boxes, minmay_cut_off

Skill      XL: |  1  2  3  4  5 |
---------------+----------------+-----
Spellcasting   | 5 6 |  6.6
Fighting       | 1 |  1.0
Armour         | 1 |  1.0
Conjurations   | 2 |  2.8
Fire Magic     | 1 |  1.0
Dodging        | 3 |  3.1
Air Magic      | 1 |  1.1
Stealth        | |  2.7
Summonings     | |  1.1
Translocations | |  1.1
Poison Magic   | |  0.4

Action                   |  1- 3 |  4- 6 || total
-------------------------+-------+-------++-------
Melee: Dagger            |     2 |     6 ||     8
       Staff             |     6 |     2 ||     8
 Cast: Magic Dart        |    74 |    82 ||   156
       Mephitic Cloud    |     1 |     5 ||     6
       Call Imp          |     1 |     1 ||     2
       Conjure Flame     |       |     4 ||     4
       Blink             |       |     3 ||     3
 Stab: Confused          |       |     1 ||     1
Armor: Robe              |     1 |       ||     1
       Leather armour    |       |     2 ||     2
Dodge: Dodged            |    11 |    15 ||    26

Table legend: (Time is in decaauts)
 A = Elapsed time spent in this place.
 B = Non-inter-level travel time spent in this place.
 C = Inter-level travel time spent in this place.
 D = Time resting spent in this place.
 E = Time spent auto-exploring this place.
 F = Levels seen in this place.
 G = Mean time per level.
                   A        B        C        D        E       F      G
               +--------+--------+--------+--------+--------+-----+--------+
         Total |   4419 |   4317 |    102 |    120 |   3740 |   4 | 1104.8 |
       Dungeon |   4419 |   4317 |    102 |    120 |   3740 |   4 | 1104.8 |
               +--------+--------+--------+--------+--------+-----+--------+

Top non-repeatable levels by time:
     D:2: 1388 daAuts
     D:3: 1193 daAuts
     D:1: 1147 daAuts
     D:4: 689 daAuts
